Map: Astillero orbital

Players

xXkazperXx

  • Race: Zerg Zerg
  • League: Bronze

Slendrix - Winner!

  • Race: Terran Terran

VOD

Have the link to the VOD?

Description

Time

  • Played on: March 17, 2016, 1:43 a.m.
  • Length: 9:50
Show
View Real Time Build Order
Export as new Build Order

xXkazperXx Zerg 

Build Orders: Pool First 

Get SALT Encoding   

  12  0:01  Drone  
  13  0:18  Extractor  
  13  0:21  Drone x2  
  14  0:29  Overlord  
  14  0:45  Spawning Pool  
  14  0:47  Drone  
  14  1:00  Drone x2  
  16  1:13  Drone  
  17  1:32  Zergling x4  
  19  1:37  Zergling x2  
  20  2:00  Lair  
  20  2:03  Hatchery  
  19  2:11  Overlord  
  19  2:16  Drone x2  
  21  2:24  Roach Warren  
  20  2:56  Drone x3  
  23  3:02  Baneling Nest  
  22  3:12  Roach  
  24  3:15  Drone  
  24  3:17  Queen  
  27  3:37  Drone x2  
  27  3:38  Spire  
  27  3:41  Extractor  
  27  3:49  Drone x3  
  30  4:00  Drone x2  
  30  4:01  Drone  
  33  4:07  Drone  
  34  4:11  Baneling x3  
  34  4:12  Baneling  
  34  4:14  Zergling x2  
  34  4:15  Zergling x2  
  36  4:24  Overlord  
  36  4:26  Overlord  
  36  4:33  Metabolic Boost  
  36  4:45  Roach x3  
  42  5:05  Hydralisk Den  
  42  5:06  Drone x3  
  44  5:12  Extractor  
  44  5:13  Drone  
  44  5:14  Drone  
  45  5:34  Burrow  
  45  5:36  Drone x2  
  45  5:40  Hydralisk x2  
  51  6:10  Hatchery  
  50  6:14  Tunneling Claws  
  50  6:30  Drone x2  
  50  6:32  Overlord  
  45  7:16  Hydralisk x3  
  45  7:20  Overlord x3  
  50  7:52  Mutalisk x3  
  56  8:02  Hydralisk x3  
  56  8:03  Hydralisk x2  
  56  8:04  Extractor  
  55  8:07  Roach x4, Extractor  
  55  8:12  Baneling x3  
  54  8:13  Baneling  
  54  8:30  Drone  
  54  8:32  Drone x3  
  58  8:41  Hydralisk  
  60  8:58  Drone x2  
  60  9:01  Drone x3  
  65  9:11  Drone x3  
  68  9:20  Infestation Pit  
Show
View Real Time Build Order
Export as new Build Order

Slendrix Terran - Winner!

Build Orders:  

Get SALT Encoding   

  12  0:01  SCV  
  13  0:13  SCV  
  14  0:18  Supply Depot  
  14  0:25  SCV  
  15  0:40  Barracks, SCV  
  16  0:46  Refinery  
  16  0:52  SCV  
  17  1:04  SCV  
  18  1:20  SCV  
  19  1:32  Command Center  
  19  1:38  SCV  
  20  1:40  Barracks Tech Lab  
  20  1:52  SCV  
  20  2:01  Bunker  
  20  2:02  Marine  
  20  2:05  SCV  
  22  2:09  Refinery  
  22  2:19  Factory  
  22  2:26  Marine  
  22  2:29  Orbital Command  
  23  2:37  Supply Depot  
  25  2:51  Orbital Command  
  23  3:07  SCV  
  23  3:08  Widow Mine  
  26  3:18  Bunker  
  26  3:19  SCV  
  27  3:20  Marine  
  27  3:25  SCV  
  29  3:36  Widow Mine, SCV  
  29  3:38  Marine  
  34  3:48  SCV x2  
  34  3:51  Starport  
  35  3:58  Marine  
  35  4:00  SCV  
  35  4:01  SCV  
  38  4:03  Stimpack  
  38  4:23  SCV x2  
  40  4:38  Engineering Bay  
  40  4:39  SCV x2  
  40  4:40  Starport Reactor  
  40  4:41  Factory Tech Lab  
  40  4:43  Starport  
  42  4:47  Refinery  
  42  4:49  Refinery  
  42  4:51  SCV x2  
  44  4:55  Supply Depot  
  44  5:00  Marine  
  44  5:03  SCV  
  46  5:12  Missile Turret  
  46  5:13  Liberator  
  46  5:15  Missile Turret  
  46  5:18  Marine  
  47  5:27  Barracks  
  47  5:28  Viking x2  
  51  5:30  Missile Turret  
  54  5:36  Terran Infantry Weapons Level 1  
  54  5:55  Supply Depot  
  54  5:56  Supply Depot  
  54  6:16  Widow Mine, SCV x2, Marine  
  59  6:20  Liberator, Barracks Reactor  
  59  6:23  Command Center  
  59  6:29  SCV x2  
  61  6:34  Marine  
  65  6:41  SCV  
  65  6:45  Siege Tank  
  69  7:05  Marine  
  70  7:17  Liberator x3  
  70  7:34  Marine  
  70  7:35  Siege Tank  
  83  7:52  Marine  
  83  7:54  Marine  
  85  8:11  Supply Depot  
  85  8:12  Supply Depot  
  85  8:13  Supply Depot x2  
  85  8:26  Marine x3  
  85  8:33  Viking x3  
  91  8:42  Barracks  
  91  8:43  Barracks  
  91  8:44  Orbital Command, Marine x3  
  91  8:45  Barracks  
  91  8:46  Barracks, SCV  
  91  8:47  SCV  
  96  9:02  Marine x2  
  98  9:27  Marine x3  
Tags
 
Add a new tag
Caveats
  • Supply blocks, unpowered buildings, or Contaminate may cause inaccurate times.
  • Supply counts are checked every 10 seconds.